 Dungeon Crawl Stone Soup version 0.31-a0-1074-g0b22e4e0f1 (webtiles) character file.

Game seed: 6224972901699621732

9173157 Forgeling the Archmage (level 27, 175/175 HPs)
             Began as a Deep Elf Ice Elementalist on Dec 1, 2023.
             Was the Champion of Vehumet.
             Escaped with the Orb
             ... and 11 runes on Dec 4, 2023!
             The game lasted 04:39:46 (96216 turns).

Forgeling the Archmage (Deep Elf Ice Elementalist) Turns: 96216, Time: 04:39:47

Health: 175/175    AC: 26    Str: 11    XL:     27
Magic:  65/65      EV: 23    Int: 36    God:    Vehumet [******]
Gold:   8164       SH:  2    Dex: 17    Spells: 23/80 levels left

rFire   + + .        c - staff of air
rCold   + + +        M - crystal ball of Wucad Mu {*channel}
rNeg    + + +        a - +4 ring mail of the Evening Star {Drain rN+ Str+4}
rPois   +            L - +2 helmet {SInv}
rElec   +            k - +2 cloak "Vaucrexi" {+Inv rPois rC+ Str+2}
rCorr   .            s - +0 pair of gloves of Roklamy {rF+ Int+3}
SInv    +            b - +3 pair of mountain boots {steadfast, rC+}
Will    +++..        j - amulet of guardian spirit
Stlth   ++           A - ring of the Octopus King {HP+2 MP+9 AC+2 EV+2 SH+2}
HPRegen 0.49/turn    l - ring of Sunnut {Drain rElec rF+ rN++ Will+}
MPRegen 0.39/turn

%: guardian spirit, channel magic (40%)
@: studying Axes
A: cold resistance 1, subdued magic 1
0: Orb of Zot
}: 11/15 runes: decaying, slimy, silver, obsidian, abyssal, demonic, glowing,
magical, fiery, dark, gossamer
a: Renounce Religion, Evoke Invisibility


You escaped.
You worshipped Vehumet.
Vehumet was exalted by your worship.
You visited 16 branches of the dungeon, and saw 70 of its levels.
You visited Pandemonium 1 time, and saw 20 of its levels.
You visited the Abyss 2 times.
You visited 1 bazaar.
You also visited: Ossuary, Bailey, Volcano and Desolation.

You collected 12556 gold pieces.
You spent 4392 gold pieces at shops.

Inventory:

Missiles
 u - 20 curare-tipped darts
Armour
 a - the +4 ring mail of the Evening Star (worn) {Drain rN+ Str+4}
   (You found it on level 3 of the Elven Halls)

   Str+4:     It affects your strength (+4).
   rN+:       It protects you from negative energy.
   Drain:     It drains your maximum health when unequipped.
 b - the +3 pair of mountain boots (worn) {steadfast, rC+}
   (You bought it in a shop on level 2 of the Orcish Mines)

   Steadfast: It prevents involuntary movement, except for blinking,
   teleportation, or banishment.
   rC+:       It protects you from cold.
 k - the +2 cloak "Vaucrexi" (worn) {+Inv rPois rC+ Str+2}
   (You found it on level 5 of the Lair of Beasts)

   Str+2:     It affects your strength (+2).
   rC+:       It protects you from cold.
   rPois:     It protects you from poison +Inv: It lets you turn invisible.
 s - the +0 pair of gloves of Roklamy (worn) {rF+ Int+3}
   (You found it in the Desolation of Salt)

   Int+3:     It affects your intelligence (+3).
   rF+:       It protects you from fire.
 L - a +2 helmet of see invisible (worn)
 M - the crystal ball of Wucad Mu (worn) {*channel}
   (You found it in the Desolation of Salt)

   *Channel:  It often returns the magic spent to cast spells, but lowers their
   success rate.
   It always returns the magic spent on miscasts.
Magical Staves
 c - a staff of air (weapon)
 n - the staff "Egeatowo" {rF+ rC+ SInv Stlth+ Ice}
   (You found it on level 5 of the Vaults)

   [staff of cold]

   Base accuracy: +5 Base damage: 5 Base attack delay: 1.2 This weapon's minimum
   attack delay (0.6) is reached at skill level 12.
   rF+:       It protects you from fire.
   rC+:       It protects you from cold.
   SInv:      It lets you see invisible.
   Stlth+:    It makes you more stealthy.
   Ice:       It increases the power of your Ice spells.
   It falls into the 'Staves' category.
   It is a one-handed weapon.
Jewellery
 j - an amulet of guardian spirit (around neck)
 l - the ring of Sunnut (right hand) {Drain rElec rF+ rN++ Will+}
   (You bought it in a shop in a bazaar)

   [ring of willpower]

   rF+:       It protects you from fire.
   rElec:     It insulates you from electricity.
   rN++:      It greatly protects you from negative energy.
   Will+:     It increases your willpower.
   Drain:     It drains your maximum health when unequipped.
 A - a ring of the Octopus King (left hand) {HP+2 MP+9 AC+2 EV+2 SH+2}
   (You took it off a deep elf elementalist on level 3 of the Elven Halls)

   [ring of magical power]

   AC+2:      It affects your AC (+2).
   EV+2:      It affects your evasion (+2).
   HP+2:      It affects your health (+2).
   MP+9:      It affects your magic capacity (+9).
   SH+2:      It affects your SH (+2).
 T - the ring "Igituri" {rPois Will+ rCorr}
   (You found it in Pandemonium)

   [ring of resist corrosion]

   rPois:     It protects you from poison Will+: It increases your willpower.
   rCorr:     It protects you from acid and corrosion.
Talismans
 Z - a talisman of death
Wands
 d - a wand of digging (13)
 e - a wand of charming (68)
 h - a wand of quicksilver (37)
 i - a wand of iceblast (96)
 y - a wand of mindburst (92)
Scrolls
 f - 13 scrolls of enchant armour
 o - 13 scrolls of enchant weapon
 x - 8 scrolls of amnesia
 D - 8 scrolls of blinking
 E - 7 scrolls of fear
 F - 7 scrolls of fog
 K - 17 scrolls of immolation
 O - 3 scrolls of brand weapon
 P - 12 scrolls of poison
 S - 2 scrolls of butterflies
 V - 14 scrolls of vulnerability
 X - 11 scrolls of revelation {@r4}
 Y - 13 scrolls of teleportation {@r3}
Potions
 B - 11 potions of brilliance
 C - 11 potions of cancellation
 G - 16 potions of ambrosia
 H - 13 potions of haste
 J - 27 potions of curing {@q1}
 N - 14 potions of heal wounds {@q2}
 Q - 7 potions of magic
 R - 6 potions of resistance
 U - 12 potions of mutation
 W - 4 potions of enlightenment
Miscellaneous
 g - a condenser vane
 m - a phantom mirror
 r - a phial of floods
 v - a lightning rod (4/4)
 z - a box of beasts


   Skills:
 - Level 18.0 Fighting
 - Level 12.0 Staves
 - Level 11.8 Armour
 - Level 19.8 Dodging
 - Level 10.0 Stealth
 - Level 10.0 Shields
 O Level 27 Spellcasting
 - Level 23.9 Conjurations
 - Level 4.0 Translocations
 - Level 8.0 Transmutations
 - Level 25.8 Ice Magic
 - Level 23.0 Air Magic
 - Level 15.0 Evocations
 + Level 21.8 Shapeshifting


You had 23 spell levels left.
You knew the following spells:

 Your Spells              Type           Power      Damage    Failure   Level
a - Chain Lightning       Conj/Air       64%        3d86      3%          9
b - Polar Vortex          Ice            55%        12d7*     1%          9
g - Freezing Cloud        Conj/Ice/Air   65%        6-21      1%          5
i - Yara's Violent Unrav  Hex/Tmut       28%        3d12      3%          5
n - Apportation           Tloc           100%       N/A       1%          1
q - Maxwell's Capacitive  Air            64%        ∞         1%          8
t - Ozocubu's Refrigerat  Ice            55%        4d19      1%          7
x - Plasma Beam           Fire/Air       50%        2x1d65    1%          6
y - Irradiate             Conj/Tmut      45%        3d26      1%          5
B - Blink                 Tloc           100%       N/A       1%          2

Your spell library contained the following spells:

 Spells                   Type           Power      Damage    Failure   Level
 Lehudib's Crystal Spear  Conj/Erth      40%        10d10     17%         8
 Foxfire                  Conj/Fire      100%       2x1d9     1%          1
 Freeze                   Ice            100%       1d10      1%          1
 Kiss of Death            Conj/Necr      100%       2d13      1%          1
 Magic Dart               Conj           100%       1d8       1%          1
 Sandblast                Erth           74%        2d16      1%          1
 Shock                    Conj/Air       100%       1d9       1%          1
 Cigotuvi's Dreadful Rot  Necr/Pois/Air  100%       N/A       1%          2
 Ensorcelled Hibernation  Hex/Ice        100%       N/A       1%          2
 Lesser Beckoning         Tloc           100%       N/A       1%          2
 Momentum Strike          Conj/Tloc      100%       3d10      1%          2
 Passwall                 Tmut/Erth      46%        N/A       1%          2
 Poisonous Vapours        Pois/Air       100%       N/A       1%          2
 Scorch                   Fire           74%        2d8       1%          2
 Searing Ray              Conj           100%       2d8       1%          2
 Static Discharge         Conj/Air       100%       3-8/arc   1%          2
 Wereblood                Tmut           69%        N/A       1%          2
 Dazzling Flash           Conj/Hex       100%       N/A       1%          3
 Frozen Ramparts          Ice            100%       1d16      1%          3
 Hailstorm                Conj/Ice       100%       3d20      1%          3
 Ignite Poison            Fire/Tmut/Pois 51%        N/A       1%          3
 Inner Flame              Hex/Fire       37%        N/A       1%          3
 Mephitic Cloud           Conj/Pois/Air  100%       N/A       1%          3
 Ozocubu's Armour         Ice            100%       N/A       1%          3
 Stone Arrow              Conj/Erth      100%       3d13      1%          3
 Swiftness                Air            100%       N/A       1%          3
 Volatile Blastmotes      Fire/Tloc      96%        2d18      1%          3
 Airstrike                Air            64%        2d(10-26) 1%          4
 Brom's Barrelling Bould  Conj/Erth      81%        2d9       1%          4
 Flame Wave               Conj/Fire      81%        2d18      1%          4
 Fulminant Prism          Conj/Hex       40%        3d19      1%          4
 Iskenderun's Mystic Bla  Conj/Tloc      86%        2d17      1%          4
 Sticky Flame             Conj/Fire      81%        2d9       1%          4
 Summon Ice Beast         Ice/Summ       83%        N/A       1%          4
 Summon Lightning Spire   Summ/Air       100%       N/A       1%          4
 Vhi's Electric Charge    Tloc/Air       100%       N/A       1%          4
 Arcjolt                  Conj/Air       64%        1d74      1%          5
 Fireball                 Conj/Fire      40%        3d16      1%          5
 Iskenderun's Battlesphe  Conj           100%       2d15      1%          5
 Metabolic Englaciation   Hex/Ice        41%        N/A       1%          5
 Silence                  Hex/Air        50%        N/A       1%          5
 Bombard                  Conj/Erth      40%        9d7       1%          6
 Conjure Ball Lightning   Conj/Air       64%        3x3d23    1%          6
 Starburst                Conj/Fire      40%        6d12      1%          6
 Orb of Destruction       Conj           53%        9d13      1%          7
 Gell's Gravitas          Tloc           56%        N/A       2%          3
 Teleport Other           Tloc           56%        N/A       2%          3
 Simulacrum               Ice/Necr       41%        N/A       2%          6
 Necrotise                Necr           100%       1d9       3%          1
 Slow                     Hex            100%       N/A       3%          1
 Summon Small Mammal      Summ           100%       N/A       3%          1
 Spellforged Servitor     Conj/Summ      40%        N/A       3%          7
 Call Imp                 Summ           74%        N/A       4%          2
 Jinxbite                 Hex            74%        N/A       4%          2
 Sublimation of Blood     Necr           37%        N/A       4%          2
 Olgreb's Toxic Radiance  Pois           37%        N/A       4%          4
 Manifold Assault         Tloc           56%        N/A       5%          4
 Passage of Golubria      Tloc           56%        N/A       5%          4
 Petrify                  Tmut/Erth      56%        N/A       5%          4
 Call Canine Familiar     Summ           37%        N/A       7%          3
 Confusing Touch          Hex            37%        N/A       7%          3
 Sigil of Binding         Hex            37%        N/A       7%          3
 Summon Guardian Golem    Hex/Summ       37%        N/A       7%          3
 Tukima's Dance           Hex            37%        N/A       7%          3
 Vampiric Draining        Necr           37%        2d8       7%          3
 Dimensional Bullseye     Hex/Tloc       24%        N/A       9%          4
 Alistair's Intoxication  Tmut/Pois      37%        N/A       11%         5
 Lee's Rapid Deconstruct  Erth           18%        3d11*     11%         5
 Anguish                  Hex/Necr       18%        N/A       17%         4
 Animate Dead             Necr           37%        N/A       17%         4
 Cause Fear               Hex            18%        N/A       17%         4
 Dispel Undead            Necr           37%        3d15      17%         4
 Leda's Liquefaction      Hex/Erth       18%        N/A       17%         4
 Summon Forest            Summ/Tloc      24%        N/A       21%         5
 Agony                    Necr           37%        N/A       38%         5
 Borgnjor's Vile Clutch   Necr/Erth      18%        N/A       38%         5
 Dispersal                Tloc           28%        N/A       38%         6
 Fire Storm               Conj/Fire      40%        8d10      86%         9
 Death Channel            Necr           18%        N/A       87%         6
 Summon Cactus Giant      Summ           18%        N/A       87%         6
 Malign Gateway           Summ/Tloc      24%        N/A       99%         7
 Enfeeble                 Hex            18%        N/A       100%        7
 Haunt                    Necr/Summ      18%        N/A       100%        7
 Summon Hydra             Summ           18%        N/A       100%        7
 Borgnjor's Revivificati  Necr           18%        N/A       100%        8
 Disjunction              Tloc           28%        N/A       100%        8
 Ignition                 Fire           18%        3d7       100%        8
 Summon Horrible Things   Summ           18%        N/A       100%        8
 Dragon's Call            Summ           18%        N/A       100%        9
 Shatter                  Erth           18%        3d17*     100%        9


Dungeon Overview and Level Annotations

Branches:
Dungeon (15/15)            Temple (1/1) D:4            Lair (5/5) D:10
  Swamp (4/4) Lair:3       Spider (4/4) Lair:3        Slime (5/5) Lair:4
    Orc (2/2) D:9             Elf (3/3) Orc:2        Vaults (5/5) D:13
  Crypt (3/3) Vaults:3       Tomb (1/3) Crypt:3      Depths (4/4) D:15
   Hell (visited)             Dis (5/7) Hell            Geh (7/7) Hell
    Coc (0/7) Hell            Tar (0/7) Hell            Zot (5/5) Depths:4
Ossuary (visited)          Bailey (visited)         Volcano (visited)
Desolation (visited)

Altars:
Ashenzari
Cheibriados
Dithmenos
Elyvilon
Fedhas
Gozag
Hepliaklqana
Kikubaaqudgha
Makhleb
Nemelex Xobeh
Okawaru
Qazlal
Ru
Sif Muna
Trog
Uskayaw
Vehumet
Wu Jian
Xom
Yredelemnul
Zin
The Shining One
Jiyva

Shops:
D:4 [   D:12 [   D:14 ?[:   Orc:1 :   Orc:2 ??!*[   Elf:2 *   Elf:3 [
Vaults:1 *   Vaults:2 :   Vaults:5 *   Depths:1 !   Depths:2 *

Portals:
Hell: Depths:1 Depths:2 Depths:3 Depths:4
Abyss: Depths:3
Pandemonium: Depths:2
Ziggurat: Depths:1

Annotations:
Vaults:3 Boris, Mennas


Innate Abilities, Weirdness & Mutations

Your flesh is cold resistant. (rC+)
Your spells are a little easier to cast, but a little less powerful.


Message History

The bolt of lightning hits the Orb Guardian!!!!
You kill the Orb Guardian!
You feel your power returning.
The bolt of lightning hits the hell beast!!!!
You kill the hell beast!
You feel your power returning. The bolt of lightning hits you! You resist.
Magical energy flows into your mind!
Your life force feels restored.
There is a stone staircase leading up here.
What level of the Dungeon? (default 1, ? - help)
You climb upwards.
There is a stone staircase leading down here.
An endoplasm is nearby!
The endoplasm quivers.
There is a stone staircase leading up here.
Casting: Chain Lightning (dangerous; 3% risk of failure)
Confirm with . or Enter, or press ? or * to list all spells.
You feel a surge of power! Lightning arcs from your hands!
The bolt of lightning hits the endoplasm!!!!!
You kill the endoplasm!
You feel your power returning. The bolt of lightning hits you! You resist.
Magical energy flows into your mind!
You climb upwards.
There is a stone staircase leading down here.
What level of the Dungeon? (default 1, ? - help) Magic restored.
There is a stone staircase leading up here.
You climb upwards.
There is a stone staircase leading down here.
You see here a jackal skeleton.
There is a stone staircase leading up here.
You climb upwards.
There is a stone staircase leading down here.
Aiming: Dig
Press: ? - help, Shift-Dir - straight line A rock wall.
This square is covered in magical glow.
The rock shatters into small pieces.
There is a staircase leading out of the dungeon here.
You have escaped!

#.# ###.# #.##.# #.##########
#.## #.##.# ...........#
#..###.##.#
#.#........############.........#
#.##.............................
#.##.......##############..#.#...
#.................# ##.##...(#...
####.##########...###.(.##...#.#.
...#.........'..@.'.')...#.#.#...
............###...#'#...##.#.#.##
............# ##.##.##.###.#.....
............# ##'##.##'###.....#.
.....##########.##...##.##..#....
.....# #.##.....##.#.......
.....# ##'.......'###......
.[...# ###.....#####...... .....#
##...##..##......


There were no monsters in sight!

Vanquished Creatures
  Cerebov (Pan)
  Dissolution (Slime:2)
  Asmodeus (Geh:7)
  the Serpent of Hell (Geh:7)
  the Royal Jelly (Slime:5)
  Mnoleg (Pan)
  Gloorx Vloq (Pan)
  6 pandemonium lords (Pan)
  Lom Lobon (Pan)
  11 dread liches
  12 orbs of fire
  Mara (Vaults:3)
  14 ancient liches
  4 juggernauts (Depths:2)
  The ghost of Vaid the Gnoll Aeon, a master GnFi of Cheibriados (Zot:3)
  2 royal mummies (Tomb:1)
  Boris (Vaults:2)
  Vv (Depths:3)
  7 Killer Klowns
  Saint Roka (Vaults:3)
  Margery (Vaults:4)
  Parghit (Zot:3)
  4 curse toes
  13 caustic shrikes
  Geryon (Hell)
  12 golden dragons
  A profane servitor (Crypt:3)
  2 bone dragons
  Jory (Crypt:3)
  7 electric golems
  2 Tzitzimimeh (Pan)
  11 Brimstone Fiends
  3 iron giants (Dis:3)
  Rupert (Lair:3)
  3 Ice Fiends (Pan)
  21 tentacled monstrosities
  8 hellephants
  5 liches
  A tainted leviathan (Hell)
  6 Hell Sentinels
  11 quicksilver dragons
  2 walking frostbound tomes (Depths:3)
  28 Orb Guardians
  8 titans
  16 acid blobs
  2 deep elf blademasters (Elf:3)
  Asterion (Spider:1)
  Frances (D:13)
  13 sphinxes
  Murray (Hell)
  30 searing wretches
  18 Executioners
  6 death cobs
  21 ancient champions
  2 thorn hunters (Swamp:3)
  Gastronok (D:8)
  Donald (Swamp:1)
  15 storm dragons
  Kirke (Swamp:4)
  14 shadow dragons
  9 tengu reavers
  4 azure jellies
  9 demonspawn warmongers (Pan)
  3 revenants
  9 draconian knights
  Roxanne (D:15)
  6 draconian monks
  14 fire giants
  12 rockslimes
  A fenstrider witch (Swamp:4)
  4 emperor scorpions
  4 deep elf sorcerers
  6 frost giants
  2 caustic shrike zombies
  47 balrugs
  2 iron dragons
  5 quicksilver elementals
  6 deep elf elementalists
  6 draconian scorchers
  13 vault wardens
  12 ghost moths
  2 curse skulls (Pan)
  3 draconian shifters
  2 orc warlords (Orc:1)
  A shard shrike simulacrum (Crypt:3)
  2 ghouls
  6 very ugly things
  6 demonspawn corrupters (Pan)
  6 draconian annihilators
  9 quicksilver oozes
  15 stone giants
  20 ironbound preservers
  21 war gargoyles
  17 cacodemons (Pan)
  6 broodmothers
  5 draconian stormcallers
  2 caustic shrike skeletons
  4 demonspawn blood saints (Pan)
  22 reapers
  6 formless jellyfish
  13 ironbound thunderhulks
  2 bennus (Tomb:1)
  9 eleionomae
  9 demonspawn black suns (Pan)
  13 vampire knights
  14 green draconians
  12 deep elf demonologists
  6 black draconians
  10 yellow draconians
  23 white draconians
  A bunyip (shapeshifter) (D:15)
  2 halazid warlocks (Desolation)
  4 dire elephants (Vaults:3)
  A putrid mouth (Hell)
  8 spark wasps
  5 bunyips
  9 lorocyprocas
  12 deep elf annihilators
  10 purple draconians
  4 iron golems
  11 red draconians
  An acid blob zombie (Crypt:2)
  8 blizzard demons (Pan)
  Snorg (Lair:3)
  15 green deaths
  2 eidola (Crypt:1)
  5 crystal guardians
  21 jiangshi
  6 mummy priests (Tomb:1)
  A shambling mangrove (Swamp:3)
  9 deep elf death magi
  Josephine (Swamp:1)
  An entropy weaver (shapeshifter) (Spider:2)
  5 deep elf high priests
  7 ettins
  2 spectral quicksilver dragons
  12 fire dragons
  10 yaktaur captains
  6 great orbs of eyes
  A quicksilver dragon skeleton (Hell)
  6 ice dragons
  8 ragged hierophants (Desolation)
  A caustic shrike simulacrum (Hell)
  8 servants of whispers (Desolation)
  A catoblepas (Lair:1)
  37 vault guards
  7 rakshasas
  A juggernaut simulacrum (Depths:3)
  2 ghost crabs (Swamp:4)
  3 spriggan zombies (Depths:2)
  24 hydras
  3 entropy weavers
  4 jorogumos
  6 hell beasts
  A radroach (Spider:3)
  A spriggan air mage (Depths:3)
  10 ironbound frosthearts
  22 two-headed ogres
  12 centaur warriors
  A fenstrider witch zombie (Crypt:2)
  15 peacekeepers
  14 salamander tyrants
  5 ogre magi
  6 death knights
  An anaconda (shapeshifter) (Depths:4)
  8 boulder beetles
  10 alligators
  A spectral draconian (Zot:3)
  2 deep troll shamans
  17 death scarabs
  15 death yaks
  10 stokers
  7 hell hogs
  A titan zombie (Depths:1)
  5 thrashing horrors
  21 dancing weapons
  8 tengu warriors
  2 orc high priests
  26 soul eaters
  20 demonic crawlers
  5 vampire magi
  A shock serpent (shapeshifter) (Vaults:5)
  3 shock serpents (Pan)
  15 deep elf knights
  18 deep troll earth magi
  3 occultists
  67 sun demons
  Sonja (D:11)
  14 hell knights
  34 skeletal warriors
  3 spriggan berserkers
  3 skysharks
  A spectral red draconian (Zot:3)
  4 crystal echidnas
  A titan skeleton (Depths:2)
  Amaemon (Lair:3)
  A fire crab (shapeshifter) (Elf:1)
  5 iron trolls
  21 sixfirhies
  2 wretched stars (Abyss:3)
  12 shadow wraiths
  A sun moth (Spider:2)
  2 anaconda zombies
  3 goliath frogs
  7 pharaoh ants
  A cherub (Pan)
  7 bog bodies
  2 glowing orange brains
  12 orb spiders
  7 flayed ghosts
  An iron giant skeleton (Crypt:1)
  A golden dragon skeleton (Depths:3)
  An obsidian statue (Depths:1)
  4 spriggan druids
  8 swamp dragons
  49 deep trolls
  An orange crystal statue (Elf:2)
  5 arcanists
  5 shadow demons (Pan)
  A bunyip skeleton (Crypt:2)
  A spriggan simulacrum (Crypt:2)
  10 lindwurms
  A swamp dragon (shapeshifter) (D:9)
  19 necromancers
  7 steelbarb worms
  A fenstrider witch simulacrum (Crypt:3)
  11 deep elf archers
  5 orc knights
  18 phantasmal warriors
  An anaconda skeleton (Pan)
  30 deep elf pyromancers
  22 deep elf zephyrmancers
  23 ironbound convokers
  3 shadow dragon skeletons
  3 orc sorcerers
  2 sphinx simulacra
  30 large abominations
  18 wolf spiders
  An alligator zombie (Hell)
  22 ugly things
  4 will-o-the-wisps
  11 cyclopes
  7 oklob plants
  5 elf zombies
  An elephant (shapeshifter) (Vaults:5)
  5 shining eyes
  An iron dragon skeleton (Vaults:2)
  3 fire giant skeletons
  3 manticores
  24 moths of wrath
  2 centaur zombies (Crypt:2)
  A stone giant skeleton (Pan)
  A rust devil (Pan)
  A worldbinder (Abyss:3)
  6 black mambas
  2 eyes of devastation (Pan)
  13 vault sentinels
  22 elephants
  31 smoke demons
  2 water nymphs (shapeshifter) (Vaults:5)
  6 guardian serpents (Desolation)
  10 torpor snails
  A frost giant skeleton (Depths:3)
  3 gargoyles
  Joseph (D:7)
  10 molten gargoyles
  12 cane toads
  A torpor snail (shapeshifter) (D:13)
  An ice statue (Hell)
  Psyche (D:8)
  23 orange demons
  A yaktaur zombie (Vaults:3)
  27 hellions
  A rime drake (Lair:4)
  5 efreet
  2 unseen horrors
  A centaur skeleton (Pan)
  A komodo dragon (shapeshifter) (Elf:1)
  An elf skeleton (Vaults:2)
  Jeremiah (D:8)
  5 freezing wraiths
  A sea snake zombie (Hell)
  4 kobold demonologists
  10 ice devils
  13 yaktaurs
  14 komodo dragons
  6 tengu conjurers
  An iron troll zombie (Crypt:1)
  9 tormentors
  3 hydra zombies
  11 guardian mummies (Tomb:1)
  4 red devils
  4 spectral moths of wrath (Zot:3)
  A sea snake skeleton (Hell)
  17 tyrant leeches
  A harpy zombie (Crypt:2)
  4 trolls
  4 bloated husks (Swamp:2)
  A tyrant leech (shapeshifter) (Vaults:5)
  11 polar bears
  25 tarantellas
  2 hydra skeletons
  2 alligator simulacra (Hell)
  17 hellwings
  7 harpy skeletons
  A tengu simulacrum (Hell)
  A radroach zombie (Crypt:2)
  6 glass eyes
  27 hornets
  73 saltlings (Desolation)
  11 dream sheep
  A slime creature (shapeshifter) (Elf:1)
  4 raiju
  A death drake skeleton (Crypt:1)
  10 blink frogs
  A boulder beetle zombie (Crypt:2)
  95 slime creatures
  3 ettin skeletons
  25 culicivoras
  A jumping spider (shapeshifter) (D:13)
  6 shadows
  69 yaks
  62 flying skulls
  25 jumping spiders
  4 air elementals
  11 spriggans
  3 centaur simulacra
  3 water elementals
  A fire bat (Volcano)
  2 vampires
  Sigmund (D:4)
  6 wyverns
  15 ynoxinuls
  A spriggan skeleton (Depths:1)
  2 dire elephant simulacra (Crypt:2)
  3 fire elementals
  2 basilisks
  14 wraiths
  Eustachio (D:5)
  8 golden eyes
  2 steam dragons
  20 humans (D:13)
  10 vampire mosquitoes
  22 neqoxecs
  A yellow draconian simulacrum (Zot:3)
  5 hogs
  43 redbacks
  A sea snake simulacrum (Hell)
  14 chaos spawn
  A redback (shapeshifter) (Vaults:5)
  A naga zombie (Crypt:2)
  2 acid dragons
  A harpy simulacrum (Crypt:2)
  11 wargs
  11 swamp worms
  19 hell hounds
  A human skeleton (Vaults:2)
  3 swamp drakes (Swamp:3)
  2 moth of wrath simulacra (Zot:3)
  14 water moccasins
  16 black bears
  A black bear (shapeshifter) (D:14)
  An ice beast (D:8)
  34 orc warriors
  2 sky beasts (D:8)
  A human zombie (Vaults:2)
  5 small abominations
  A hornet zombie (Crypt:2)
  24 ogres
  19 wolves
  19 centaurs
  A phantom (D:4)
  5 kobold brigands
  A draconian zombie (Crypt:2)
  15 bullfrogs
  5 necrophages
  2 gnoll sergeants
  4 earth elementals
  A glowing shapeshifter simulacrum (Vaults:2)
  A yaktaur skeleton (Crypt:1)
  A water moccasin zombie (Ossuary)
  4 scorpions
  8 killer bees
  2 howler monkeys
  7 lava snakes
  4 gnoll boudas
  2 hounds (D:5)
  A jelly (D:8)
  Crazy Yiuf (D:7)
  21 orc priests
  2 sleepcaps
  5 iguanas
  Natasha (thrice) (D:3)
  36 orc wizards
  7 hell rats (Hell)
  A boggart skeleton (Crypt:1)
  15 mummies
  31 gnolls
  6 adders
  A steam dragon zombie (Crypt:2)
  2 river rats (Lair:3)
  3 shadow imps
  3 white imps
  2 ufetubi (D:7)
  2 adder zombies (Ossuary)
  An iguana skeleton (Crypt:1)
  2 worms
  3 dart slugs
  122 orcs
  12 ball pythons
  13 bats
  A bat skeleton (Crypt:2)
  3 endoplasms (D:4)
  3 gnoll zombies (Ossuary)
  9 goblins
  7 hobgoblins
  4 jackals
  3 quokkas
  A frilled lizard (D:2)
  A gnoll skeleton (Crypt:1)
  2 hobgoblin zombies (Ossuary)
  11 kobolds
  3 kobold zombies (Ossuary)
  6 orc zombies (Ossuary)
  2 rats
  A spectral hobgoblin (D:15)
  7 creeping infernos
  14 fire vortices
  A lurking horror (Abyss:3)
3574 creatures vanquished.

Vanquished Creatures (collateral kills)
  A polar bear (Lair:5)
  A centaur simulacrum (D:14)
  An ogre (D:5)
  6 water moccasin zombies (Ossuary)
  An earth elemental (Volcano)
  A boggart simulacrum (D:14)
  2 mummies (Ossuary)
  3 gnoll zombies (Ossuary)
  2 hobgoblin zombies (Ossuary)
  A kobold zombie (Ossuary)
19 creatures vanquished.

Vanquished Creatures (others)
  An eldritch tentacle (Pan)
  A swamp dragon (Swamp:2)
  2 large abominations (Pan)
  A shining eye (Pan)
  A tormentor (Geh:6)
  A human (Swamp:4)
  A chaos spawn (Pan)
  4 foxfires
12 creatures vanquished.

Grand Total: 3605 creatures vanquished

Notes
Turn   | Place    | Note
-------+----------+-------------------------------------------
     0 | D:1      | Forgeling the Deep Elf Ice Elementalist began the quest for
                  | the Orb.
     0 | D:1      | Reached XP level 1. HP: 10/10 MP: 6/6
   342 | D:1      | Reached XP level 2. HP: 15/15 MP: 6/8
   389 | D:1      | Reached skill level 5 in Ice Magic
  1044 | D:2      | Found a shadowy altar of Dithmenos.
  1262 | D:2      | Reached XP level 3. HP: 16/19 MP: 6/9
  1411 | D:1      | Learned a level 3 spell: Frozen Ramparts
  1415 | D:1      | Learned a level 3 spell: Ozocubu's Armour
  1641 | D:2      | Reached XP level 4. HP: 20/24 MP: 7/11
  1750 | D:3      | Noticed a scorpion
  1757 | D:2      | Reached skill level 4 in Spellcasting
  1971 | D:3      | Noticed a black bear
  1981 | D:3      | Killed a black bear
  1982 | D:3      | Reached skill level 5 in Spellcasting
  1982 | D:3      | Reached skill level 1 in Fighting
  1982 | D:3      | Reached XP level 5. HP: 18/29 MP: 3/14
  1997 | D:3      | Learned a level 4 spell: Summon Ice Beast
  2128 | D:3      | Reached XP level 6. HP: 22/35 MP: 6/15
  2349 | D:3      | Found an opulent altar of Gozag.
  2387 | D:3      | Noticed Natasha
  2394 | D:3      | Killed Natasha
  2455 | D:3      | Noticed Natasha
  2465 | D:3      | Killed Natasha
  2466 | D:3      | Reached skill level 5 in Stealth
  2679 | D:3      | Noticed Natasha
  2690 | D:3      | Killed Natasha
  3042 | D:4      | Reached skill level 6 in Spellcasting
  3042 | D:4      | Reached XP level 7. HP: 40/40 MP: 10/18
  3169 | D:4      | Found Qeev Fikk's Armour Shoppe.
  3459 | D:4      | Reached skill level 7 in Spellcasting
  3511 | D:4      | Found a staircase to the Ecumenical Temple.
  3553 | Temple   | Entered the Ecumenical Temple
  3577 | Temple   | Became a worshipper of Vehumet
  3693 | D:4      | Noticed Sigmund
  3700 | D:4      | Killed Sigmund
  3870 | D:5      | Entered Level 5 of the Dungeon
  3894 | D:5      | Reached XP level 8. HP: 42/44 MP: 14/20
  4066 | D:5      | Noticed Eustachio
  4072 | D:5      | Killed Eustachio
  4111 | D:5      | Found a sand-covered staircase.
  4177 | Ossuary  | Entered an ossuary
  4228 | Ossuary  | Reached * piety under Vehumet
  4228 | Ossuary  | Offered knowledge of Foxfire by Vehumet.
  4692 | D:5      | Reached ** piety under Vehumet
  4692 | D:5      | Offered knowledge of Searing Ray by Vehumet.
  5035 | D:5      | Reached XP level 9. HP: 51/52 MP: 19/21
  5045 | D:5      | Reached skill level 10 in Dodging
  5603 | D:6      | Learned a level 3 spell: Hailstorm
  5606 | D:6      | Learned a level 2 spell: Searing Ray
  5786 | D:6      | Reached skill level 8 in Spellcasting
  5802 | D:6      | Found an ancient bone altar of Kikubaaqudgha.
  5925 | D:6      | Reached skill level 1 in Conjurations
  6112 | D:6      | Reached skill level 5 in Fighting
  6112 | D:6      | Reached skill level 11 in Spellcasting
  6112 | D:6      | Reached XP level 10. HP: 59/59 MP: 23/27
  6121 | D:6      | Learned a level 7 spell: Ozocubu's Refrigeration
  6121 | D:6      | Reached XP level 11. HP: 64/64 MP: 24/28
  6166 | D:7      | Noticed Joseph
  6176 | D:7      | Killed Joseph
  6333 | D:7      | Offered knowledge of Static Discharge by Vehumet.
  6413 | D:7      | Reached *** piety under Vehumet
  6570 | D:7      | Found a bloodstained altar of Trog.
  6570 | D:7      | Found a shimmering blue altar of Sif Muna.
  6570 | D:7      | Found a hazy altar of Hepliaklqana.
  7048 | D:7      | Found a runed translucent door.
  7049 | D:7      | Noticed Crazy Yiuf
  7057 | D:7      | Killed Crazy Yiuf
  7124 | D:8      | Found a blossoming altar of Fedhas.
  7156 | D:8      | Offered knowledge of Stone Arrow by Vehumet.
  7405 | D:8      | Noticed Jeremiah
  7407 | D:8      | Killed Jeremiah
  7408 | D:8      | Reached skill level 1 in Shields
  7414 | D:8      | Found a flagged portal.
  7424 | Bailey   | Entered a bailey
  8150 | Bailey   | Reached skill level 12 in Spellcasting
  8150 | Bailey   | Reached skill level 15 in Ice Magic
  8150 | Bailey   | Reached XP level 12. HP: 68/68 MP: 28/30
  8729 | D:8      | Reached **** piety under Vehumet
  8789 | D:8      | Noticed Gastronok
  8812 | D:8      | Killed Gastronok
  9033 | D:8      | Noticed Psyche
  9038 | D:8      | Reached skill level 15 in Dodging
  9038 | D:8      | Killed Psyche
  9038 | D:8      | Offered knowledge of Brom's Barrelling Boulder by Vehumet.
  9039 | D:8      | Reached skill level 1 in Evocations
  9498 | D:9      | Noticed a centaur warrior
  9920 | D:9      | Noticed a two-headed ogre
  9923 | D:9      | Killed a two-headed ogre
  9924 | D:9      | Identified the +3 leather armour "Ehiatriu" {Rampage rF-
                  | SInv}
 10158 | D:9      | Noticed a four-headed hydra
 10182 | D:9      | Killed a four-headed hydra
 10183 | D:9      | Reached XP level 13. HP: 73/73 MP: 4/31
 10226 | D:9      | Reached skill level 5 in Evocations
 10376 | D:9      | Reached skill level 13 in Spellcasting
 10982 | D:9      | Reached skill level 14 in Spellcasting
 11270 | D:9      | Reached ***** piety under Vehumet
 11270 | D:9      | Offered knowledge of Freezing Cloud by Vehumet.
 11304 | D:9      | Learned a level 5 spell: Freezing Cloud
 11716 | D:9      | Identified the blade talisman of Okuotikh {MP+9}
 11813 | D:9      | Found a staircase to the Orcish Mines.
 12407 | D:10     | Entered Level 10 of the Dungeon
 12680 | D:10     | Identified the +0 ring mail of the Merchant {rPois Regen+
                  | Str-2 SInv}
 12711 | D:10     | Found a staircase to the Lair.
 12996 | D:10     | Got Sif Muna's Everyday Willworking
 13613 | D:11     | Found a stormy altar of Qazlal.
 13950 | D:11     | Noticed Sonja
 13952 | D:11     | Killed Sonja
 14201 | D:12     | Found Zudini's Armour Shop.
 14369 | D:12     | Reached skill level 5 in Shields
 15568 | Orc:1    | Entered Level 1 of the Orcish Mines
 15705 | Orc:2    | Entered Level 2 of the Orcish Mines
 15712 | Orc:2    | Reached XP level 14. HP: 75/84 MP: 8/34
 15719 | Orc:2    | Offered knowledge of Spellforged Servitor by Vehumet.
 15725 | Orc:2    | Found Byedeenn's Distillery.
 15725 | Orc:2    | Found Typom's General Store.
 15727 | Orc:2    | Reached skill level 10 in Stealth
 15727 | Orc:2    | Found Xiostah's Magic Scroll Emporium.
 15727 | Orc:2    | Found Loicikea's Magic Scroll Boutique.
 15734 | Orc:2    | Found Coomac's Antique Armour Shoppe.
 15758 | Orc:1    | Found Jorr's Book Emporium.
 15764 | Orc:1    | Found a shimmering blue altar of Sif Muna.
 16042 | Orc:1    | Noticed an orc warlord
 16053 | Orc:1    | Killed an orc warlord
 16054 | Orc:1    | Reached skill level 15 in Spellcasting
 16095 | Orc:1    | Found a dark tunnel.
 16099 | Orc:1    | Offered knowledge of Yara's Violent Unravelling by Vehumet.
 16107 | Orc:1    | Learned a level 5 spell: Yara's Violent Unravelling
 16165 | Volcano  | Entered a volcano
 16273 | Volcano  | Found a radiant altar of Vehumet.
 16364 | Volcano  | Noticed a stone giant
 16370 | Volcano  | Killed a stone giant
 16584 | Orc:1    | Reached skill level 16 in Spellcasting
 16838 | Orc:1    | Noticed an orc warlord
 16845 | Orc:1    | Killed an orc warlord
 17174 | Orc:2    | Bought a potion of degeneration for 16 gold pieces
 17176 | Orc:2    | Bought a scroll of blinking for 112 gold pieces
 17272 | Orc:2    | Found a staircase to the Elven Halls.
 17769 | Orc:2    | Bought a scroll of identify for 26 gold pieces
 17769 | Orc:2    | Bought a scroll of identify for 26 gold pieces
 17769 | Orc:2    | Bought a scroll of identify for 26 gold pieces
 17773 | Orc:2    | Bought a scroll of identify for 30 gold pieces
 17793 | Orc:2    | Bought the +3 pair of mountain boots {steadfast, rC+} for
                  | 1105 gold pieces
 17793 | Orc:2    | Found the +3 pair of mountain boots {steadfast, rC+}
 17823 | Orc:2    | Bought a scroll of identify for 30 gold pieces
 17823 | Orc:2    | Bought a scroll of identify for 30 gold pieces
 17938 | Lair:1   | Entered Level 1 of the Lair of Beasts
 18119 | Lair:1   | Reached skill level 17 in Spellcasting
 18230 | Lair:1   | Reached XP level 15. HP: 86/90 MP: 20/38
 18233 | Lair:1   | Reached skill level 1 in Armour
 18538 | Lair:1   | Reached ****** piety under Vehumet
 18543 | Lair:1   | Offered knowledge of Eringya's Noxious Bog by Vehumet.
 20946 | Lair:3   | Noticed Snorg
 20949 | Lair:3   | Killed Snorg
 20953 | Lair:3   | Identified the +5 ring mail of Apathy {Will- Regen+ rCorr
                  | Stlth+}
 21085 | Lair:3   | Noticed Rupert
 21139 | Lair:3   | Killed Rupert
 21417 | Lair:3   | Identified the ring of the Republic {rC+ Dex+5 Slay+2}
 21841 | Lair:3   | Noticed Amaemon
 21845 | Lair:3   | Killed Amaemon
 22037 | Lair:3   | Offered knowledge of Irradiate by Vehumet.
 22038 | Lair:3   | Reached skill level 18 in Spellcasting
 22044 | Lair:3   | Learned a level 5 spell: Irradiate
 22140 | Lair:3   | Reached skill level 10 in Fighting
 22537 | Lair:3   | Found a staircase to the Swamp.
 22716 | Lair:3   | Found a hole to the Spider Nest.
 23356 | Lair:4   | Found a staircase to the Slime Pits.
 24455 | Lair:4   | Reached XP level 16. HP: 99/99 MP: 18/40
 24553 | Lair:4   | Found a viscous altar of Jiyva.
 24883 | Lair:5   | Entered Level 5 of the Lair of Beasts
 24886 | Lair:5   | Reached skill level 19 in Spellcasting
 25027 | Lair:5   | Offered knowledge of Bombard by Vehumet.
 25038 | Lair:5   | Reached skill level 20 in Spellcasting
 25740 | Lair:5   | Found a runed translucent door.
 25875 | Lair:5   | Paralysed by a hornet for 1 turns
 26981 | Lair:5   | Offered knowledge of Ignition by Vehumet.
 27142 | Lair:5   | Identified the +2 cloak "Vaucrexi" {+Inv rPois rC+ Str+2}
 28287 | D:13     | Noticed Frances
 28293 | D:13     | Killed Frances
 29180 | D:13     | Found a gate to the Vaults.
 29354 | D:13     | Offered knowledge of Lehudib's Crystal Spear by Vehumet.
 29354 | D:13     | Offered knowledge of Shatter by Vehumet.
 29354 | D:13     | Offered knowledge of Polar Vortex by Vehumet.
 29365 | D:13     | Learned a level 9 spell: Polar Vortex
 29536 | D:14     | Identified the +2 long sword "Raponoc" {freeze, rPois rN+}
 29564 | D:14     | Reached XP level 17. HP: 104/104 MP: 35/43
 29918 | D:14     | Found Citad's Book Emporium.
 29970 | D:14     | Found a broken altar of Ashenzari.
 30426 | D:14     | Found Qitiz's Antique Armour Emporium.
 30743 | D:14     | Found Jodymor's Magic Scroll Boutique.
 30966 | D:15     | Entered Level 15 of the Dungeon
 31548 | D:15     | Found a hazy altar of Hepliaklqana.
 32260 | D:15     | Noticed Roxanne
 32601 | D:15     | Found a staircase to the Depths.
 33139 | D:15     | Killed Roxanne
 33286 | D:14     | Bought a pair of heavily runed boots for 247 gold pieces
 33286 | D:14     | Identified the -1 pair of boots of the Orcish Mines {-Cast
                  | rPois Will++ Regen+} (You bought it in a shop on level 14
                  | of the Dungeon)
 33433 | Spider:1 | Entered Level 1 of the Spider Nest
 33736 | Spider:1 | Noticed Asterion
 33741 | Spider:1 | Killed Asterion
 35172 | Spider:3 | Reached XP level 18. HP: 110/110 MP: 44/44
 35174 | Spider:3 | Reached skill level 21 in Spellcasting
 36380 | Spider:4 | Entered Level 4 of the Spider Nest
 37374 | Spider:4 | Reached skill level 10 in Evocations
 37804 | Spider:4 | Reached skill level 22 in Spellcasting
 38541 | Spider:4 | Got a gossamer rune of Zot
 38730 | Swamp:1  | Entered Level 1 of the Swamp
 38839 | Swamp:1  | Identified the +6 scale mail of the Cobbler {-Cast rPois
                  | Will+++ Dex-5}
 38839 | Swamp:1  | Noticed Donald
 38843 | Swamp:1  | Killed Donald
 39062 | Swamp:1  | Noticed Josephine
 39067 | Swamp:1  | Killed Josephine
 39972 | Swamp:1  | Got the Octavo of Reanimation Made Easy
 41149 | Swamp:3  | Reached XP level 19. HP: 114/114 MP: 36/47
 41646 | Swamp:3  | Reached skill level 5 in Armour
 42194 | Swamp:4  | Entered Level 4 of the Swamp
 42961 | Swamp:4  | Noticed Kirke
 42965 | Swamp:4  | Killed Kirke
 43640 | Swamp:4  | Reached skill level 10 in Shields
 43914 | Swamp:4  | Got a decaying rune of Zot
 44287 | Vaults:1 | Entered Level 1 of the Vaults
 44292 | Vaults:1 | Reached skill level 1 in Transmutations
 44477 | Vaults:1 | Found Qeose's Assorted Antiques.
 46053 | Vaults:2 | Reached XP level 20. HP: 99/120 MP: 26/48
 46184 | Vaults:2 | Reached skill level 5 in Transmutations
 46554 | Vaults:2 | Found Zosoeh's Book Shop.
 47240 | Vaults:2 | Noticed Boris
 47320 | Vaults:2 | Killed Boris
 48184 | Vaults:3 | Noticed Mara
 48187 | Vaults:3 | Killed Mara
 48251 | Vaults:3 | Reached skill level 23 in Spellcasting
 48263 | Vaults:3 | Identified the +5 ring mail "Neukhloqo" {rPois Slay+3}
 48702 | Vaults:3 | Found a staircase to the Crypt.
 48925 | Vaults:3 | Noticed Boris
 49120 | Vaults:3 | Noticed Saint Roka
 49128 | Vaults:3 | Killed Saint Roka
 50102 | Vaults:4 | Found a flickering gateway to a bazaar.
 50109 | Bazaar   | Entered a bazaar
 50112 | Bazaar   | Found Ywerugit's Assorted Antiques.
 50112 | Bazaar   | Found Yruejeri's Antique Weapon Shop.
 50119 | Bazaar   | Found Qirotasai's Weapon Boutique.
 50119 | Bazaar   | Found Hin Ytor's Jewellery Shop.
 50146 | Bazaar   | Bought the ring of Sunnut {Drain rElec rF+ rN++ Will+} for
                  | 865 gold pieces
 50178 | Bazaar   | Bought a crude rapier for 171 gold pieces
 50178 | Bazaar   | Identified the +1 rapier "Jotilom" {heavy, Int+5 Dex+2}
                  | (You bought it in a shop in a bazaar)
 50919 | Vaults:4 | Reached skill level 24 in Spellcasting
 50976 | Vaults:4 | Reached XP level 21. HP: 127/127 MP: 30/51
 51388 | Vaults:4 | Noticed Margery
 51393 | Vaults:4 | Killed Margery
 51528 | Vaults:3 | Noticed Mennas
 52435 | Elf:1    | Entered Level 1 of the Elven Halls
 52489 | Elf:1    | Found the +3 Mad Mage's Maulers {Infuse+∞ VampMP -Cast}
 52814 | Elf:1    | Paralysed by an air elemental for 1 turns
 53876 | Elf:2    | Found Duem's Assorted Antiques.
 53887 | Elf:2    | Bought a sharpened copper wand for 120 gold pieces
 53920 | Elf:2    | Found a runed translucent gate.
 53921 | Elf:2    | Found a runed translucent gate.
 53921 | Elf:2    | Found a runed translucent gate.
 53946 | Elf:2    | Found a crumbling gateway.
 54012 | Desolati | Entered the Desolation of Salt
 54227 | Desolati | Identified the +2 tower shield "Timmur" {rF- Str+6}
 54231 | Desolati | Identified the ring of Moodiness {Fly rElec rC+ Str-5}
 54233 | Desolati | Found the +1 robe of Vines {NoPotionHeal Regen++++}
 54312 | Desolati | Reached skill level 10 in Armour
 54337 | Desolati | Identified the +0 pair of gloves of Roklamy {rF+ Int+3}
 54462 | Desolati | Reached skill level 15 in Evocations
 54480 | Desolati | Found the crystal ball of Wucad Mu {*channel}
 54608 | Desolati | Got the Collected Works on the Missiles and Shadows
 54675 | Desolati | Identified the +8 sling of Guforel {speed, rC+ Str+5}
 54710 | Desolati | Got the Essays on Telluric Hail
 54716 | Desolati | Identified the ring of Ehier {Str+5 Dex+6}
 54813 | Desolati | Got Roirr's Volume of Gritty Ceraunoscopy
 55396 | Elf:2    | Reached XP level 22. HP: 137/137 MP: 52/52
 55703 | Elf:2    | Reached skill level 25 in Spellcasting
 55969 | Elf:3    | Entered Level 3 of the Elven Halls
 56092 | Elf:3    | Found Serafain's Armour Shop.
 56456 | Elf:3    | Identified the +4 ring mail of the Evening Star {Drain rN+
                  | Str+4}
 56470 | Elf:3    | Identified the +11 battleaxe "Zenasear" {flame, Will+++
                  | Str-5 Int+2 Dex-5}
 56471 | Elf:3    | Identified the +5 rapier "Daogh" {flame, rN++ Stlth-}
 56471 | Elf:3    | Identified the ring of Taiph {rF+ MP+9}
 56777 | Elf:3    | Identified the +3 mace of Integrity {pain, rElec MP-9
                  | Stlth+}
 56841 | Elf:3    | Identified the +11 scimitar "Jelly's Demise" {drain, Str+2}
 56841 | Elf:3    | Found the ring of the Octopus King {HP+2 MP+9 AC+2 EV+2
                  | SH+2}
 56942 | Elf:3    | Got the Vellum of Chilling Resurrection
 57011 | Elf:3    | Identified 3 scrolls of acquirement
 57048 | Elf:3    | Acquired the ring of Paranoia {Will+ AC+4 Str+5 Int-3}
 57050 | Elf:3    | Acquired 1155 gold pieces
 57052 | Elf:3    | Acquired 468 gold pieces
 57101 | Elf:3    | Bought a +0 helmet of see invisible for 172 gold pieces
 57429 | Depths:1 | Entered Level 1 of the Depths
 57530 | Depths:1 | Found Courghaba's Distillery.
 57540 | Depths:1 | Bought 2 potions of mutation for 384 gold pieces
 57540 | Depths:1 | Bought a potion of mutation for 192 gold pieces
 57740 | Depths:1 | Reached skill level 26 in Spellcasting
 57743 | Depths:1 | Found a gateway to Hell.
 58091 | Depths:1 | Found a one-way gateway to a ziggurat.
 58334 | Depths:1 | Found a shimmering altar of Xom.
 58729 | Depths:2 | Found Vineaxah's Assorted Antiques.
 58813 | Depths:2 | Noticed a juggernaut
 58822 | Depths:2 | Killed a juggernaut
 58822 | Depths:2 | Noticed a juggernaut
 58829 | Depths:2 | Noticed a juggernaut
 58830 | Depths:2 | Killed a juggernaut
 58833 | Depths:2 | Killed a juggernaut
 58834 | Depths:2 | Reached XP level 23. HP: 111/142 MP: 14/55
 59070 | Depths:2 | Reached skill level 27 in Spellcasting
 59622 | Depths:2 | Found a one-way gate leading to the halls of Pandemonium.
 59891 | Depths:2 | Noticed a dread lich
 59896 | Depths:2 | Killed a dread lich
 59978 | Depths:2 | Found a faded altar of an unknown god.
 60148 | Depths:2 | Noticed a dread lich
 60155 | Depths:2 | Killed a dread lich
 60301 | Depths:2 | Noticed a juggernaut
 60306 | Depths:2 | Killed a juggernaut
 60444 | Depths:3 | Noticed Vv
 60457 | Depths:3 | Killed Vv
 60551 | Depths:3 | Found a one-way gate to the infinite horrors of the Abyss.
 61519 | Depths:3 | Reached skill level 1 in Air Magic
 61775 | Depths:3 | Identified the +7 short sword of Mayhem {drain, rElec}
 61830 | Depths:3 | Got the Papyrus of Impure Transportation
 62137 | Depths:3 | Learned a level 8 spell: Maxwell's Capacitive Coupling
 62173 | Depths:4 | Entered Level 4 of the Depths
 62317 | Depths:4 | Reached skill level 5 in Air Magic
 62381 | Depths:4 | Noticed a caustic shrike
 62382 | Depths:4 | Noticed a caustic shrike
 62383 | Depths:4 | Noticed a caustic shrike
 62384 | Depths:4 | Noticed a caustic shrike
 62386 | Depths:4 | Killed a caustic shrike
 62386 | Depths:4 | Killed a caustic shrike
 62394 | Depths:4 | Killed a caustic shrike
 62603 | Depths:4 | Reached XP level 24. HP: 148/148 MP: 56/56
 62999 | Depths:4 | Found a gate to the Realm of Zot.
 63699 | Vaults:5 | Entered Level 5 of the Vaults
 63701 | Vaults:5 | Noticed a dread lich
 63702 | Vaults:5 | Reached skill level 10 in Air Magic
 63711 | Vaults:5 | Killed a dread lich
 63727 | Vaults:5 | Noticed an ancient lich
 63737 | Vaults:5 | Killed an ancient lich
 64015 | Vaults:5 | Noticed an ancient lich
 64021 | Vaults:5 | Killed an ancient lich
 64113 | Vaults:5 | Noticed a dread lich
 64120 | Vaults:5 | Killed a dread lich
 64766 | Vaults:5 | Identified the staff "Egeatowo" {rF+ rC+ SInv Stlth+ Ice}
 64772 | Vaults:5 | Identified the +1 scale mail "Xuec" {Regen+ Dex+3 Slay+2}
 64827 | Vaults:5 | Found Goril's Assorted Antiques.
 64961 | Vaults:5 | Reached skill level 15 in Air Magic
 65023 | Vaults:5 | Identified the staff "Pimmelot" {rElec rN+ Str+4 Necro}
 65064 | Vaults:5 | Got the Octavo of Bad Luck
 65356 | Vaults:5 | Got a silver rune of Zot
 65667 | Slime:1  | Entered Level 1 of the Pits of Slime
 65692 | Slime:3  | Noticed Dissolution
 65703 | Slime:2  | Killed Dissolution
 65830 | Slime:4  | Reached XP level 25. HP: 152/152 MP: 56/56
 65877 | Slime:5  | Entered Level 5 of the Pits of Slime
 66188 | Slime:5  | Reached skill level 1 in Staves
 66487 | Slime:5  | Found a viscous altar of Jiyva.
 66609 | Slime:5  | Noticed the Royal Jelly
 66619 | Slime:5  | Killed the Royal Jelly
 66620 | Slime:5  | Reached skill level 5 in Staves
 66718 | Slime:5  | Identified the ring "Zileixeu" {rElec rPois Will+ Slay-2
                  | Stlth+}
 66795 | Slime:5  | Identified the +0 pair of gloves of the Everdark {*Corrode
                  | *Slow rC+ Dex+4}
 66798 | Slime:5  | Identified the +2 quarterstaff "Rurox" {vamp, *Rage Fly
                  | rPois Stlth+}
 66801 | Slime:5  | Got Eratzet's Lectures on Shocking Location
 66866 | Slime:5  | Got a slimy rune of Zot
 66942 | Slime:5  | Got the Directory of the Changed Tundra
 67551 | Zot:1    | Entered Level 1 of the Realm of Zot
 68482 | Zot:1    | Identified the ring "Feedeg" {Str+2 Dex+6}
 68486 | Zot:1    | Acquired a book of Minor Magic
 68966 | Zot:2    | Noticed an orb of fire
 68976 | Zot:2    | Killed an orb of fire
 69177 | Zot:2    | Reached skill level 10 in Staves
 69857 | Zot:2    | Reached skill level 15 in Fighting
 70262 | Zot:3    | Identified the +0 leather armour of Twilight {Will+ Regen+
                  | Str+5 Int-4}
 70315 | Zot:3    | Reached XP level 26. HP: 132/161 MP: 29/56
 70902 | Zot:3    | Found a huge runed gate.
 70902 | Zot:3    | Found a huge runed gate.
 70902 | Zot:3    | Found a huge runed gate.
 70904 | Zot:3    | Found a huge runed gate.
 70905 | Zot:3    | Found a huge runed gate.
 70987 | Zot:3    | Found a runed translucent gate.
 70987 | Zot:3    | Found a runed translucent gate.
 70987 | Zot:3    | Noticed an ancient lich
 70987 | Zot:3    | Noticed a dread lich
 70988 | Zot:3    | Found a runed translucent gate.
 70988 | Zot:3    | Noticed Vaid's ghost (master GnFi)
 71020 | Zot:3    | Found a huge runed gate.
 71020 | Zot:3    | Found a huge runed gate.
 71020 | Zot:3    | Found a huge runed gate.
 71020 | Zot:3    | Found a huge runed gate.
 71020 | Zot:3    | Found a huge runed gate.
 71020 | Zot:3    | Found a huge runed gate.
 71020 | Zot:3    | Found a huge runed gate.
 71046 | Zot:3    | Found a huge runed gate.
 71047 | Zot:3    | Found a huge runed gate.
 71048 | Zot:3    | Found a huge runed gate.
 71049 | Zot:3    | Found a huge runed gate.
 71050 | Zot:3    | Found a huge runed gate.
 71051 | Zot:3    | Found a huge runed gate.
 71052 | Zot:3    | Found a huge runed gate.
 71060 | Zot:3    | Noticed Parghit
 71064 | Zot:3    | Killed Parghit
 71065 | Zot:3    | Found a huge runed gate.
 71065 | Zot:3    | Found a huge runed gate.
 71065 | Zot:3    | Found a huge runed gate.
 71065 | Zot:3    | Found a huge runed gate.
 71065 | Zot:3    | Found a huge runed gate.
 71065 | Zot:3    | Found a huge runed gate.
 71065 | Zot:3    | Found a huge runed gate.
 71066 | Zot:3    | Found a huge runed gate.
 71067 | Zot:3    | Found a huge runed gate.
 71120 | Zot:3    | Found a huge runed gate.
 71120 | Zot:3    | Found a huge runed gate.
 71120 | Zot:3    | Found a huge runed gate.
 71120 | Zot:3    | Found a huge runed gate.
 71120 | Zot:3    | Found a huge runed gate.
 71120 | Zot:3    | Found a huge runed gate.
 71121 | Zot:3    | Found a huge runed gate.
 71126 | Zot:3    | Found a huge runed gate.
 71896 | Zot:5    | Entered Level 5 of the Realm of Zot
 71896 | Zot:5    | Found a huge runed gate.
 71896 | Zot:5    | Found a huge runed gate.
 71896 | Zot:5    | Found a huge runed gate.
 71896 | Zot:5    | Found a huge runed gate.
 71896 | Zot:5    | Found a huge runed gate.
 71896 | Zot:5    | Found a huge runed gate.
 71896 | Zot:5    | Found a huge runed gate.
 71896 | Zot:5    | Found a huge runed gate.
 71896 | Zot:5    | Found a huge runed gate.
 71896 | Zot:5    | Found a huge runed gate.
 71904 | Zot:5    | Noticed an orb of fire
 71904 | Zot:5    | Noticed a dread lich
 71904 | Zot:5    | Noticed a dread lich
 71904 | Zot:5    | Noticed an ancient lich
 71904 | Zot:5    | Found a huge runed gate.
 71904 | Zot:5    | Found a huge runed gate.
 71904 | Zot:5    | Found a huge runed gate.
 71904 | Zot:5    | Found a huge runed gate.
 71904 | Zot:5    | Found a huge runed gate.
 71904 | Zot:5    | Found a huge runed gate.
 71904 | Zot:5    | Found a huge runed gate.
 71904 | Zot:5    | Found a huge runed gate.
 71904 | Zot:5    | Found a huge runed gate.
 71904 | Zot:5    | Found a huge runed gate.
 72016 | Zot:5    | Noticed an orb of fire
 72016 | Zot:5    | Noticed an orb of fire
 72016 | Zot:5    | Gained mutation: Your magical capacity is low. (-10% MP)
                  | [an orb of fire]
 72017 | Zot:5    | Found a huge runed gate.
 72017 | Zot:5    | Found a huge runed gate.
 72017 | Zot:5    | Found a huge runed gate.
 72017 | Zot:5    | Found a huge runed gate.
 72017 | Zot:5    | Found a huge runed gate.
 72017 | Zot:5    | Found a huge runed gate.
 72017 | Zot:5    | Found a huge runed gate.
 72017 | Zot:5    | Found a huge runed gate.
 72017 | Zot:5    | Found a huge runed gate.
 72017 | Zot:5    | Found a huge runed gate.
 72196 | Zot:5    | Found a huge runed gate.
 72197 | Zot:5    | Found a huge runed gate.
 72198 | Zot:5    | Found a huge runed gate.
 72206 | Zot:5    | Found a huge runed gate.
 72206 | Zot:5    | Found a huge runed gate.
 72206 | Zot:5    | Found a huge runed gate.
 72408 | Zot:5    | Noticed an orb of fire
 72410 | Zot:5    | Noticed an ancient lich
 72411 | Zot:5    | Gained mutation: Potions are less effective at restoring
                  | your health. [an orb of fire]
 72412 | Zot:5    | Gained mutation: Your spells are a little easier to cast,
                  | but a little less powerful. [an orb of fire]
 72413 | Zot:5    | Noticed an orb of fire
 72415 | Zot:5    | Killed an orb of fire
 72573 | Zot:5    | Killed an orb of fire
 72715 | Zot:5    | Noticed a dread lich
 72725 | Zot:5    | Killed a dread lich
 72729 | Zot:5    | Noticed a dread lich
 72733 | Zot:5    | Killed a dread lich
 72737 | Zot:5    | Noticed an ancient lich
 72741 | Zot:5    | Killed an ancient lich
 72745 | Zot:5    | Killed an ancient lich
 72745 | Zot:5    | Noticed an ancient lich
 72750 | Zot:5    | Killed an ancient lich
 72753 | Zot:5    | Noticed an ancient lich
 72758 | Zot:5    | Killed an ancient lich
 72762 | Zot:5    | Killed an orb of fire
 72858 | Zot:5    | Gained mutation: You are frail. (-10% HP) [an orb of fire]
 72859 | Zot:5    | Gained mutation: You occasionally lose the ability to drink
                  | potions when taking damage. [an orb of fire]
 72861 | Zot:5    | Noticed an orb of fire
 72862 | Zot:5    | Killed an orb of fire
 72863 | Zot:5    | Gained mutation: You are somewhat resistant to further
                  | mutation. [an orb of fire]
 72867 | Zot:5    | Killed an orb of fire
 72868 | Zot:5    | Lost mutation: Potions are less effective at restoring your
                  | health. [potion of mutation]
 72868 | Zot:5    | Lost mutation: Your spells are a little easier to cast, but
                  | a little less powerful. [potion of mutation]
 73179 | Zot:5    | Noticed a dread lich
 73184 | Zot:5    | Killed a dread lich
 73474 | Zot:5    | Reached XP level 27. HP: 154/154 MP: 50/50
 73878 | Zot:5    | Noticed an ancient lich
 73878 | Zot:5    | Noticed an orb of fire
 73887 | Zot:4    | Killed an orb of fire
 74053 | Zot:5    | Killed an orb of fire
 74070 | Zot:5    | Killed an ancient lich
 74250 | Zot:5    | Killed a dread lich
 74276 | Zot:5    | Killed a dread lich
 74341 | Zot:5    | Killed an ancient lich
 74365 | Zot:5    | Identified the +0 ring mail of Light {rElec rF- rCorr}
 75133 | D:14     | Bought a book of Annihilations for 840 gold pieces
 75143 | D:14     | Learned a level 9 spell: Chain Lightning
 75250 | Crypt:1  | Entered Level 1 of the Crypt
 77052 | Crypt:3  | Entered Level 3 of the Crypt
 77259 | Crypt:3  | Noticed Jory
 77267 | Crypt:3  | Killed Jory
 77289 | Crypt:2  | Found an ancient bone altar of Kikubaaqudgha.
 77418 | Crypt:3  | Found a basalt altar of Yredelemnul.
 77711 | Crypt:3  | Identified the ring "Gysim" {rN+ Will+ Int+2}
 77721 | Crypt:3  | Identified the ring of the Quahog {rN+ Int+4}
 78019 | Crypt:3  | Noticed an ancient lich
 78028 | Crypt:3  | Killed an ancient lich
 78057 | Crypt:3  | Found a staircase to the Tomb.
 78248 | Tomb:1   | Entered Level 1 of the Tomb of the Ancients
 78694 | Tomb:1   | Noticed a royal mummy
 78778 | Tomb:1   | Killed a royal mummy
 79482 | Tomb:1   | Noticed a royal mummy
 79500 | Tomb:1   | Killed a royal mummy
 80154 | Hell     | Entered the Vestibule of Hell
 80154 | Hell     | Noticed Geryon
 80165 | Hell     | Killed Geryon
 80172 | Hell     | Noticed Murray
 80176 | Hell     | Reached skill level 5 in Conjurations
 80179 | Hell     | Killed Murray
 80681 | Hell     | Found a gateway to the freezing wastes of Cocytus.
 80717 | Hell     | Found a gateway to the Iron City of Dis.
 80771 | Hell     | Found a gateway to the ashen valley of Gehenna.
 80810 | Hell     | Found a gateway to the decaying netherworld of Tartarus.
 81199 | Zot:3    | Noticed an orb of fire
 81199 | Zot:3    | Killed Vaid's ghost
 81200 | Zot:3    | Reached skill level 10 in Conjurations
 81203 | Zot:3    | Killed a dread lich
 81364 | Zot:3    | Killed an ancient lich
 81461 | Zot:3    | Noticed an orb of fire
 81461 | Zot:3    | Noticed an orb of fire
 81461 | Zot:3    | Noticed an ancient lich
 81462 | Zot:3    | Noticed an orb of fire
 81465 | Zot:3    | Noticed an orb of fire
 81469 | Zot:4    | Killed an orb of fire
 81582 | Zot:3    | Killed an orb of fire
 81587 | Zot:3    | Killed an orb of fire
 81818 | Zot:4    | Killed an ancient lich
 81930 | Zot:3    | Killed an orb of fire
 82148 | Zot:3    | Identified the staff of Foul Odours {rElec Dex+4 Earth}
 82308 | Depths:3 | Voluntarily entered the Abyss.
 82345 | Abyss:3  | Found a corrupted altar of Lugonu.
 82456 | Abyss:3  | Learned a level 1 spell: Apportation
 82458 | Abyss:3  | Got an abyssal rune of Zot
 82506 | Abyss:3  | Found a corrupted altar of Lugonu.
 82588 | Abyss:3  | Found a corrupted altar of Lugonu.
 82638 | Depths:3 | Escaped the Abyss
 82640 | Depths:3 | Lost mutation: You occasionally lose the ability to drink
                  | potions when taking damage. [potion of mutation]
 82640 | Depths:3 | Lost mutation: You are somewhat resistant to further
                  | mutation. [potion of mutation]
 82640 | Depths:3 | Lost mutation: You are frail. (-10% HP) [potion of
                  | mutation]
 82640 | Depths:3 | Gained mutation: You expend magic power (3 MP) to
                  | strengthen your wands. [potion of mutation]
 82640 | Depths:3 | Gained mutation: You have a beak for a mouth. [potion of
                  | mutation]
 82753 | Pan      | Entered Pandemonium
 82841 | Pan      | Noticed Woimaheph the pandemonium lord
 82848 | Pan      | Lost mutation: You expend magic power (3 MP) to strengthen
                  | your wands. [a neqoxec]
 82849 | Pan      | Killed Woimaheph the pandemonium lord
 83113 | Pan      | Learned a level 2 spell: Blink
 83158 | Pan      | Acquired a book of Power
 83209 | Pan      | Reached skill level 1 in Translocations
 83243 | Pan      | Learned a level 6 spell: Plasma Beam
 83302 | Pan      | Reached skill level 15 in Conjurations
 83310 | Pan      | Noticed Domu the pandemonium lord
 83314 | Pan      | Killed Domu the pandemonium lord
 84146 | Pan      | Found a runed translucent door.
 84161 | Pan      | Got a demonic rune of Zot
 84316 | Pan      | Noticed Yklehok the pandemonium lord
 84321 | Pan      | Killed Yklehok the pandemonium lord
 84367 | Pan      | Entered the realm of Gloorx Vloq.
 84566 | Pan      | Noticed Gloorx Vloq
 84874 | Pan      | Got a dark rune of Zot
 85212 | Pan      | Killed Gloorx Vloq
 85376 | Pan      | Entered the realm of Lom Lobon.
 86088 | Pan      | Noticed Lom Lobon
 86132 | Pan      | Killed Lom Lobon
 86153 | Pan      | Got a magical rune of Zot
 86504 | Pan      | Noticed Gyopp the pandemonium lord
 86509 | Pan      | Killed Gyopp the pandemonium lord
 87023 | Pan      | Noticed Gaixumne the pandemonium lord
 87295 | Pan      | Killed Gaixumne the pandemonium lord
 87330 | Pan      | Entered the realm of Mnoleg.
 87527 | Pan      | Noticed Mnoleg
 87538 | Pan      | Killed Mnoleg
 87718 | Pan      | Identified the orb of the Taurataur {guile, rElec rC+
                  | Dex+3}
 87726 | Pan      | Got a glowing rune of Zot
 87786 | Pan      | Gained mutation: You occasionally lose the ability to drink
                  | potions when taking damage. [a cacodemon]
 87861 | Pan      | Found an exit through the horrors of the Abyss.
 88190 | Pan      | Reached skill level 1 in Shapeshifting
 88324 | Pan      | Reached skill level 5 in Shapeshifting
 88388 | Pan      | Noticed Kunodut the pandemonium lord
 88393 | Pan      | Killed Kunodut the pandemonium lord
 88755 | Pan      | Lost mutation: You occasionally lose the ability to drink
                  | potions when taking damage. [potion of mutation]
 88755 | Pan      | Lost mutation: You have a beak for a mouth. [potion of
                  | mutation]
 88755 | Pan      | Lost mutation: Your magical capacity is low. (-10% MP)
                  | [potion of mutation]
 88755 | Pan      | Gained mutation: Your spells are a little easier to cast,
                  | but a little less powerful. [potion of mutation]
 88755 | Pan      | Gained mutation: Your flesh is cold resistant. (rC+)
                  | [potion of mutation]
 88790 | Pan      | Found an exit through the horrors of the Abyss.
 88827 | Pan      | Identified the +0 scale mail of Spring {rF+ rN+ rCorr}
 88964 | Pan      | Entered the realm of Cerebov.
 88976 | Pan      | Identified the staff of Chaos {Int+4 SInv Conj}
 89062 | Pan      | Identified the ring "Igituri" {rPois Will+ rCorr}
 89067 | Pan      | Acquired the amulet "Wyem" {RegenMP +Blink Slay+5}
 89201 | Pan      | Found the +6 sword of Cerebov {flame}
 89201 | Pan      | Noticed Cerebov
 89207 | Pan      | Killed Cerebov
 89208 | Pan      | Reached skill level 10 in Shapeshifting
 89347 | Pan      | Got a fiery rune of Zot
 89776 | Pan      | Identified the +0 trident of Ocruon {drain, +Blink rC+
                  | Str-3}
 89777 | Pan      | Identified the +9 mace of Potsus {heavy, Dex+7}
 89810 | Pan      | Identified the +0 war axe of Pon Puce {heavy, *Noise rC+
                  | Will+}
 89813 | Pan      | Identified the +1 scale mail of Durable Leaves {Rampage}
 89826 | Pan      | Identified the +2 leather armour of Terror {Str+6 Slay+6}
 89827 | Pan      | Identified the +2 falchion of Oozing Pus {vamp, rC- rCorr
                  | Str+5}
 90022 | Pan      | Found an exit through the horrors of the Abyss.
 90031 | Pan      | Took an exit into the Abyss.
 90031 | Abyss:3  | Escaped into the Abyss
 90032 | Abyss:3  | Found a corrupted altar of Lugonu.
 90060 | Depths:2 | Escaped the Abyss
 90125 | Geh:1    | Entered Level 1 of Gehenna
 91199 | Geh:6    | Reached skill level 15 in Shapeshifting
 91353 | Geh:7    | Entered Level 7 of Gehenna
 91403 | Geh:7    | Noticed an ancient lich
 91409 | Geh:7    | Killed an ancient lich
 91413 | Geh:7    | Noticed the Serpent of Hell
 91420 | Geh:7    | Killed the Serpent of Hell
 92269 | Geh:7    | Found the +13 sceptre of Asmodeus
 92269 | Geh:7    | Noticed Asmodeus
 92273 | Geh:7    | Killed Asmodeus
 92290 | Geh:7    | Got the Tome of the Dusty Burn
 92293 | Geh:7    | Got an obsidian rune of Zot
 92296 | Geh:7    | Identified the +5 quarterstaff of Agony {heavy, Str+3 SInv}
 92512 | Dis:1    | Entered Level 1 of the Iron City of Dis
 94175 | Dis:3    | Noticed an ancient lich
 94178 | Dis:3    | Killed an ancient lich
 94505 | Dis:3    | Noticed an ancient lich
 94513 | Dis:3    | Killed an ancient lich
 94953 | Dis:3    | Noticed a dread lich
 94958 | Dis:3    | Killed a dread lich
 95687 | Zot:5    | Got the Orb of Zot
 95791 | Zot:2    | Noticed Qixeh the pandemonium lord
 96216 | D:$      | Escaped with the Orb!

Illustrated notes

Levels and vault maps discovered:
D:1:      dpeg_arrival_rhombi, layout_basic
D:2:      layout_basic, basic_altar
D:3:      layout_rooms, grunt_gozag_breadcrumbs, uniq_natasha
D:4:      layout_rooms, minmay_temple_entry_trees, serial_shops,
          nicolae_shop_hallway_plus, minmay_manual_mandibuliform, uniq_sigmund
D:5:      minmay_diamond_boxcup, layout_basic, gup_ossuary_entry_pyramid,
          minmay_holes, uniq_eustachio
D:6:      layout_basic, nicolae_overflow_hidden_temple, minivault_25
D:7:      layout_rooms, gammafunk_temple_overflow_claw, minmay_splitting_lines,
          uniq_crazy_yiuf_cottage, uniq_joseph
D:8:      layout_gridville, fedhas_bush_and_centaur_altar, enter_bailey_2,
          uniq_psyche, uniq_jeremiah, uniq_gastronok
D:9:      minmay_the_grid_square_5x5_4x4 [minmay_the_grid_square_5x5_two_small,
          minmay_the_grid_square_5x5_three_small,
          minmay_the_grid_square_5x5_bite,
          minmay_the_grid_square_5x5_almost_minimal,
          minmay_the_grid_square_5x5_inverted_slash,
          minmay_the_grid_square_5x5_prize_gold,
          minmay_the_grid_square_5x5_prize_open,
          minmay_the_grid_square_5x5_tri_point,
          minmay_the_grid_square_5x5_misaligned,
          minmay_the_grid_square_5x5_prize_waves,
          minmay_the_grid_square_5x5_prize_junk,
          minmay_the_grid_square_5x5_eight, minmay_the_grid_square_5x5_spiral,
          minmay_the_grid_square_5x5_three_walls,
          minmay_the_grid_square_5x5_lines,
          minmay_the_grid_square_5x5_half_checkered], layout_basic,
          hiddenorc1_lemuel
D:10:     layout_big_octagon, david_lair_shrubbed
D:11:     layout_roguey, nicolae_qazlal_general_emergency, uniq_sonja
D:12:     layout_roguey, serial_shops, shop
D:13:     minmay_blocky_corners, layout_basic, grunt_vaults_entry_tiered,
          grunt_ministairs_14, grunt_livestock, uniq_frances
D:14:     layout_loops_corners, serial_shops, nicolae_diamond_shop,
          nicolae_shop_rolled_up, shop, cheibrodos_ashenzari_chains
D:15:     gammafunk_enter_depths_forms, layout_long_grid,
          nicolae_hepliaklqana_monster_ancestors, uniq_roxanne
Temple:   nicolae_temple_elliptical
Lair:1:   layout_long_grid, roderic_batcave
Lair:2:   cheibrodos_lair_river_kwai, layout_gridlike
Lair:3:   layout_hall_layers, palyth_hydra_swamp_entry, spider_nest_entry_webs,
          pond, uniq_rupert, uniq_amaemon, uniq_snorg
Lair:4:   layout_cave_pods, minmay_slime_entry_oklob_open,
          grunt_forest_large_clearings
Lair:5:   hangedman_lair_caniforms_friends, layout_misc_corridors, wormcave,
          serial_bayou_crossing, serial_bayou_shore_b, lemuel_fruit_fields
Swamp:1:  layout_basic_swamp, evilmike_swamp_ruin_house_2, swamp_pool_1_2,
          nicolae_swamp_necromancy_gone_wrong, uniq_josephine, uniq_donald
Swamp:2:  nicolae_swamp_husk_halls, layout_falls_marsh,
          nicolae_swamp_decorative_isthmus
Swamp:3:  layout_basic_swamp, nicolae_swamp_ascending_descending, swamp_pool_5,
          infiniplex_staircase_pool
Swamp:4:  swamp_vile, layout_basic_swamp, swamp_pool_3, grunt_hermit_hut,
          nicolae_swamp_tree_isthmus, uniq_kirke
Spider:1: nicolae_spider_broodchamber, uniq_asterion
Spider:2: layout_spider_delve, drop_trap, hellmonk_deceptive_appearances
Spider:3: layout_spider_delve, drop_trap
Spider:4: spider_rune_water
Slime:1:  layout_caves, nicolae_slime_barrier
Slime:2:  cheibrodos_slime_lost_civilization_10, layout_caves, basic_altar
Slime:3:  layout_caves, dissolution_awaits
Slime:4:  layout_caves
Slime:5:  slime_pit_nicolae_inversion
Orc:1:    layout_diamond_mine, nicolae_volcano_entry_vermiform, serial_shops,
          nicolae_shop_trees, led_sif_book
Orc:2:    st_orc_ogre_mass, layout_caves, serial_shops, nicolae_shop_dealshenge
Elf:1:    nicolae_elf_arrival_fired_up, layout_onion_city,
          minmay_elf_necromancy, hangedman_corner_corridor
Elf:2:    nicolae_elf_blades_crystal_corner, layout_geoelf_grid,
          portal_desolation_entry_ruin, serial_shops, nicolae_shop_stone,
          minivault_16
Elf:3:    minmay_elf_hall_curves, layout_geoelf_diagonals, serial_shops,
          nicolae_shop_trees, serial_sigils_hangedman_confine
Vaults:1: nicolae_vaults_trapezoid_lopsided_4, ontoclasm_vaults_pinch,
          vaults_room_fours, nicolae_vaults_variable_pillar_hall, v_misc_9,
          nicolae_vaults_circle_grid_b, v_rooms_3, v_misc_13,
          layout_vaults_ring, serial_shops, shop_fountains
Vaults:2: v_misc_14, nicolae_vaults_storage_closets_2, nicolae_vaults_house_2,
          serial_library_hellmonk_open_cross, v_misc_26,
          nicolae_vaults_six-pack, vaults_room_octagon,
          nicolae_vaults_network_quincunx
          [nicolae_vaults_network_quincunx_subvault,
          nicolae_vaults_network_quincunx_subvault,
          nicolae_vaults_network_quincunx_subvault,
          nicolae_vaults_network_quincunx_subvault,
          nicolae_vaults_network_quincunx_subvault],
          vaults_room_grunt_arrival_ludios, v_alt_pattern_6,
          nicolae_vaults_specimen_jars, layout_vaults_omnibox, serial_shops,
          shop, uniq_boris
Vaults:3: vaults_room_hallway, hangedman_vaults_slice,
          nicolae_vaults_trapezoid_lopsided_2, gargoyle_guard,
          nicolae_vaults_sesquioval_fish, nicolae_vaults_closet_pinwheel_1,
          dpeg_vaults_monster_box, layout_vaults_omnigrid, dummy_crypt_entry,
          uniq_mennas, uniq_saint_roka, uniq_mara
Vaults:4: v_rooms_2, ontoclasm_vaults_loading_screen, v_misc_3,
          vaults_mumra_hex, nicolae_vaults_weapon_check,
          vaults_mumra_chevron_long, ontoclasm_vaults_shout,
          nicolae_vaults_asterisk, vaults_room_fancy_cross,
          hangedman_vaults_slice, nicolae_vaults_diamond_2,
          layout_vaults_big_room, serial_shops, bzr_entry_islet, uniq_margery
Vaults:5
Crypt:1:  layout_catacombs, grunt_crypt_arrival_split
Crypt:2:  layout_misc_corridors, hellmonk_scarab_ruin, grunt_megastairs_5,
          lemuel_upstairs_altar
Crypt:3:  grunt_crypt_end_deaths_head, uniq_jory
Tomb:1
Depths:1: layout_honeycomb, enter_ziggurat_c, grunt_hell_entry_demonic_statue,
          serial_shops, shop, hangedman_decor_growths, tgw_xom, firewood_loft
Depths:2: regret_index_infernal_bastille, layout_honeycomb, serial_shops,
          nicolae_shop_tiny_glass, grunt_pan_entry_sceptre, hell_entry
Depths:3: nicolae_legendary_halls, layout_cave_shapes, abyss_entry,
          pf_vacation_house_of_asmodeus, st_stairs_7, uniq_vv
Depths:4: grunt_zot_entry_funnels, layout_cave_pools, serial_sigils,
          serial_sigils_hangedman_leer, serial_sigils_hangedman_scratch,
          serial_sigils_hangedman_gut, serial_sigils_hangedman_scar,
          serial_sigils_hangedman_writhe, serial_sigils_hangedman_shear,
          hell_entry, chequers_serial_rivers_marsh,
          minmay_misc_feat_more_columns, serial_library_regret_index_multi,
          serial_bayou_shore_b
Hell
Dis:1:    layout_subdivisions, nicolae_dis_grated_feature
Dis:2:    layout_subdivisions
Dis:3:    hangedman_iron_city_apartments
Dis:4:    layout_gridville
Dis:5:    layout_regular_city, nicolae_dis_spooky_hallway
Geh:1:    layout_gehenna_pools_basic, nicolae_geh_lava_rosette
Geh:2:    layout_gehenna_lava_caves
Geh:3:    layout_gehenna_lava_caves
Geh:4:    layout_gehenna_lava_caves
Geh:5:    layout_gehenna_pools_basic
Geh:6:    nicolae_geh_erupted_tower, layout_gehenna_lava_caves
Geh:7:    geh_grunt_pentagon
Zot:1:    layout_gridville, grunt_megastairs_3
Zot:2:    layout_twisted_circle, st_stairs_7
Zot:3:    layout_gridlike, hangedman_zot_wheel_spokes,
          gammafunk_ghost_necromancy, door_vault, grunt_megastairs_2,
          uniq_parghit, uniq_josephina
Zot:4:    layout_onion, regret_index_zotdec_stipple_waver,
          hangedman_zot_decor_checkerboard
Zot:5:    layout_cathedral_of_symmetry, door_vault

Skill      XL: |  1  2  3  4  5  6  7  8  9 10 11 12 13 14 15 16 17 18 19 20 21 22 23 24 25 26 27 |
---------------+----------------------------------------------------------------------------------+-----
Ice Magic      | 5 6 8 9 11 14 15 18 21 22 23 25 | 25.8
Spellcasting   | 5 6 7 11 12 14 17 18 20 22 24 26 27 | 27.0
Fighting       | 1 2 4 5 8 9 10 11 12 14 15 17 18 | 18.0
Stealth        | 3 4 5 7 10 | 10.0
Dodging        | 6 9 12 15 16 17 18 19 | 19.8
Conjurations   | 4 23 | 23.9
Shields        | 4 5 7 10 | 10.0
Evocations     | 4 5 8 13 15 | 15.0
Armour         | 3 4 7 9 10 11 | 11.8
Transmutations | 4 6 8 |  8.0
Air Magic      | 7 16 17 18 23 | 23.0
Staves         | 11 12 | 12.0
Translocations | 4 |  4.0
Shapeshifting  | 21 | 21.8

Action                     |  1- 3 |  4- 6 |  7- 9 | 10-12 | 13-15 | 16-18 | 19-21 | 22-24 | 25-27 || total
---------------------------+-------+-------+-------+-------+-------+-------+-------+-------+-------++-------
  Melee: Unarmed           |     5 |       |       |       |       |       |       |       |       ||     5
         Punch             |     1 |       |     1 |       |       |       |       |       |       ||     2
         Dagger            |     2 |    30 |   165 |    46 |    73 |       |       |       |       ||   316
         Demon whip        |       |       |       |       |     1 |    34 |       |       |       ||    35
         Staff             |       |       |       |       |       |    42 |    66 |   119 |   435 ||   662
         Peck              |       |       |       |       |       |       |       |       |    77 ||    77
  Throw: Dart              |       |       |       |       |     1 |       |       |       |       ||     1
   Cast: Freeze            |    54 |    16 |     1 |     5 |       |       |       |       |       ||    76
         Ozocubu's Armour  |       |    12 |    21 |    15 |     8 |     1 |       |       |       ||    57
         Frozen Ramparts   |       |    19 |    38 |    21 |     7 |     1 |       |       |       ||    86
         Summon Ice Beast  |       |       |     7 |       |     1 |     6 |       |       |       ||    14
         Searing Ray       |       |       |     1 |     2 |     9 |     1 |     3 |       |       ||    16
         Ozocubu's Refrige |       |       |       |    59 |   370 |   473 |   319 |   225 |   370 ||  1816
         Hailstorm         |       |       |       |     7 |     3 |       |       |       |       ||    10
         Freezing Cloud    |       |       |       |       |     2 |       |       |       |       ||     2
         Yara's Violent Un |       |       |       |       |     1 |     1 |       |       |       ||     2
         Irradiate         |       |       |       |       |       |     7 |    40 |    37 |    61 ||   145
         Polar Vortex      |       |       |       |       |       |    21 |    75 |   124 |   319 ||   539
         Maxwell's Capacit |       |       |       |       |       |       |       |     1 |   189 ||   190
         Chain Lightning   |       |       |       |       |       |       |       |       |    47 ||    47
         Plasma Beam       |       |       |       |       |       |       |       |       |     7 ||     7
         Apportation       |       |       |       |       |       |       |       |       |     6 ||     6
  Evoke: Wand              |       |       |       |       |     5 |     7 |     2 |     4 |     8 ||    26
         Box of beasts     |       |       |       |       |     1 |       |       |       |       ||     1
         Phantom mirror    |       |       |       |       |       |       |       |     1 |       ||     1
         Lightning rod     |       |       |       |       |       |       |       |       |     3 ||     3
    Use: Potion            |       |     1 |     1 |     2 |       |       |       |       |     7 ||    11
         Scroll            |       |     5 |     4 |     2 |    14 |     4 |     6 |    13 |    16 ||    64
   Stab: Sleeping          |       |     1 |       |     3 |     1 |       |     1 |       |     2 ||     8
         Distracted        |       |       |     2 |       |       |       |     1 |       |     3 ||     6
 Armour: Robe              |    25 |    45 |    72 |     5 |       |       |   153 |       |       ||   300
         Steam dragon scal |       |       |       |    47 |    97 |   202 |    19 |       |       ||   365
         Leather armour    |       |       |       |       |       |       |     3 |    23 |       ||    26
         Ring mail         |       |       |       |       |       |       |       |   318 |  1268 ||  1586
  Dodge: Dodged            |    34 |    40 |    53 |    70 |   140 |   231 |   184 |   314 |  1228 ||  2294
  Block: Buckler           |       |       |       |    10 |    39 |    69 |    57 |       |       ||   175

Table legend: (Time is in decaauts)
 A = Elapsed time spent in this place.
 B = Non-inter-level travel time spent in this place.
 C = Inter-level travel time spent in this place.
 D = Time resting spent in this place.
 E = Time spent auto-exploring this place.
 F = Levels seen in this place.
 G = Mean time per level.
                   A        B        C        D        E       F      G
               +--------+--------+--------+--------+--------+-----+--------+
         Total |  96630 |  88651 |   7979 |   9664 |  55048 |  99 |  976.1 |
       Dungeon |  21451 |  19132 |   2319 |    774 |  14749 |  15 | 1430.1 |
        Temple |     48 |      1 |     47 |      0 |      0 |   1 |   48.0 |
          Lair |  10020 |   9178 |    842 |   1086 |   6520 |   5 | 2004.0 |
         Swamp |   5685 |   5466 |    219 |    345 |   3936 |   4 | 1421.2 |
   Spider Nest |   5356 |   5107 |    249 |    312 |   3660 |   4 | 1339.0 |
    Slime Pits |   1560 |   1497 |     63 |    266 |    715 |   5 |  312.0 |
  Orcish Mines |   2031 |   1799 |    232 |    118 |   1134 |   2 | 1015.5 |
   Elven Halls |   3743 |   3384 |    359 |     48 |   2209 |   3 | 1247.7 |
        Vaults |   9905 |   9261 |    644 |    410 |   7023 |   5 | 1981.0 |
         Crypt |   3190 |   2976 |    214 |     14 |   1806 |   3 | 1063.3 |
          Tomb |   1578 |   1480 |     98 |    356 |    621 |   1 | 1578.0 |
        Depths |   7520 |   6073 |   1447 |    446 |   3995 |   4 | 1880.0 |
          Hell |   1199 |   1049 |    150 |    446 |    349 |   1 | 1199.0 |
           Dis |   1766 |   1728 |     38 |    254 |   1063 |   5 |  353.2 |
       Gehenna |   2272 |   2115 |    157 |    273 |    910 |   7 |  324.6 |
           Zot |   8793 |   7897 |    896 |   1872 |   4128 |   5 | 1758.6 |
         Abyss |    351 |    351 |      0 |     31 |      0 |   4 |   87.8 |
   Pandemonium |   7163 |   7163 |      0 |   2129 |   1047 |  20 |  358.1 |
        Bazaar |     76 |     76 |      0 |      0 |     19 |   1 |   76.0 |
       Ossuary |    443 |    443 |      0 |    176 |     61 |   1 |  443.0 |
        Bailey |   1076 |   1076 |      0 |     66 |    782 |   1 | 1076.0 |
       Volcano |    388 |    388 |      0 |    161 |      0 |   1 |  388.0 |
    Desolation |   1005 |   1005 |      0 |     80 |    320 |   1 | 1005.0 |
               +--------+--------+--------+--------+--------+-----+--------+

Top non-repeatable levels by time:
     D:9: 2986 daAuts
    D:15: 2629 daAuts
Depths:2: 2512 daAuts
  Lair:5: 2495 daAuts
Vaults:2: 2340 daAuts
Vaults:3: 2265 daAuts
Spider:4: 2257 daAuts
Vaults:4: 2238 daAuts
  Lair:4: 2226 daAuts
  Lair:2: 2157 daAuts
   Zot:5: 2117 daAuts
    D:13: 2009 daAuts
   Zot:4: 1974 daAuts
Depths:1: 1897 daAuts
 Swamp:4: 1834 daAuts
